 Dungeon Crawl Stone Soup version 0.30-a0-1016-gfb0d676c02 (webtiles) character file.

Game seed: 10664120982180053306

533 qeuew the Trooper (level 7, -5/62 HPs)
             Began as a Hill Orc Fighter on Apr 6, 2023.
             Was an Initiate of Gozag.
             Slain by an ogre
             ... wielding a +0 giant spiked club
              (24 damage)
             ... on level 4 of the Dungeon.
             The game lasted 00:03:49 (3677 turns).

qeuew the Trooper (Hill Orc Fighter)                Turns: 3677, Time: 00:03:52

Health: -5/62      AC:  7    Str: 19    XL:     7   Next: 24%
Magic:  7/7        EV:  9    Int:  8    God:    Gozag
Gold:   714        SH:  5    Dex: 12    Spells: 6/6 levels left

rFire   . . .      SeeInvis .    a - +1 war axe (venom)
rCold   . . .      Faith    .    c - +0 buckler
rNeg    . . .      Spirit   .    b - +0 scale mail
rPois   .          Reflect  .    (no helmet)
rElec   .          Rampage  .    (no cloak)
rCorr   .          Clarity  +    (no gloves)
Will    .....                    (no boots) Stlth
                                 (no amulet)
HPRegen 0.30/turn                (no ring)
MPRegen 0.10/turn                (no ring)

@: gold aura
A: clarity
a: Renounce Religion, Potion Petition, Call Merchant, Bribe Branch


You were on level 4 of the Dungeon.
You worshipped Gozag.
Gozag was pleased with you.
You visited 1 branch of the dungeon, and saw 4 of its levels.
You also visited: Sewer.

You collected 747 gold pieces.
You paid 33 gold pieces to Gozag.

Inventory:

Hand Weapons
 a - a +1 war axe of venom (weapon)
Armour
 b - a +0 scale mail (worn)
 c - a +0 buckler (worn)
Jewellery
 k - a ring of poison resistance
Scrolls
 f - 2 scrolls of identify
 g - 2 scrolls of brand weapon
 o - a scroll of immolation {unknown}
Potions
 d - 2 potions of might
 e - a potion of magic
 h - 2 potions of mutation
 i - a potion of flight
 j - a potion of resistance
 l - 2 potions of cancellation
 m - a potion of haste
 n - 2 potions of heal wounds
 p - a potion of lignification {unknown}


   Skills:
 + Level 5.7 Fighting
 + Level 5.6 Axes
 + Level 5.2 Armour
 + Level 5.2 Shields


You had 6 spell levels left.
You didn't know any spells.
Your spell library was empty.

Dungeon Overview and Level Annotations

Branches:
Dungeon (4/15)              Sewer (visited)
 Temple: D:4-7

Altars:
Elyvilon
Gozag
Okawaru
Trog
Wu Jian
Xom
Zin


Innate Abilities, Weirdness & Mutations

You possess an exceptional clarity of mind.


Message History

You are too injured to fight recklessly!
You are too injured to fight recklessly!
You are too injured to fight recklessly!
You are too injured to fight recklessly!
You are too injured to fight recklessly!
You are too injured to fight recklessly!
You are too injured to fight recklessly!
You are too injured to fight recklessly!
You are too injured to fight recklessly!
You are too injured to fight recklessly!
You are too injured to fight recklessly!
You are too injured to fight recklessly!
You are too injured to fight recklessly!
You are too injured to fight recklessly!
You are too injured to fight recklessly!
You are too injured to fight recklessly!
You are too injured to fight recklessly!
You are too injured to fight recklessly!
You are too injured to fight recklessly!
You are too injured to fight recklessly!
Unknown command.
You barely miss the ogre.
The ogre is moderately wounded.
You block the ogre's attack.
You barely miss the ogre.
The ogre is moderately wounded.
The ogre hits you with a +0 giant spiked club!
* * * LOW HITPOINT WARNING * * *
Unknown command.
You slash the ogre!
The ogre is severely wounded.
The ogre is distracted by your dazzling golden aura.
You catch the helpless ogre completely off-guard!
You hit the ogre.
The ogre looks as sick as possible!
The ogre is no longer distracted by gold.
The ogre is almost dead.
A ball python comes into view.
The ogre hits you with a +0 giant spiked club!!
You die...
Your body crumbles into a pile of gold.

#...# #. ###.#
#. #.# #[ #.#
##. #.# <. #.#
$ ######. #.#
#.....O######.#
S....$$@......#
..#############


You could see an ogre (extremely poisoned) and a ball python (wandering).

Vanquished Creatures
  3 orc priests
  2 jellies (Sewer)
  A gnoll bouda (D:4)
  An orc wizard (D:3)
  9 gnolls
  7 adders
  5 river rats
  2 worms (D:3)
  A dart slug (D:4)
  13 orcs
  A bat (D:2)
  12 endoplasms
  9 giant cockroaches
  6 goblins
  11 hobgoblins
  8 jackals
  5 quokkas
  12 ball pythons
  2 frilled lizards (Sewer)
  4 kobolds
  8 rats
122 creatures vanquished.

Notes
Turn   | Place    | Note
-------+----------+-------------------------------------------
     0 | D:1      | qeuew the Hill Orc Fighter began the quest for the Orb.
     0 | D:1      | Reached XP level 1. HP: 19/19 MP: 1/1
   119 | D:1      | Reached XP level 2. HP: 24/27 MP: 2/2
   603 | D:1      | Reached XP level 3. HP: 18/33 MP: 3/3
  1104 | D:1      | Gained mutation: You possess an exceptional clarity of
                  | mind. [potion of mutation]
  1157 | D:2      | Reached XP level 4. HP: 23/40 MP: 4/4
  1447 | D:2      | Found an opulent altar of Gozag.
  1519 | D:2      | Became a worshipper of Gozag Ym Sagoz the Greedy
  1836 | D:3      | Found a bloodstained altar of Trog.
  1898 | D:3      | Found a glowing silver altar of Zin.
  1905 | D:3      | Reached XP level 5. HP: 21/47 MP: 5/5
  1924 | D:3      | Found an iron altar of Okawaru.
  2123 | D:3      | Found a shimmering altar of Xom.
  2209 | D:3      | Reached skill level 5 in Fighting
  2282 | D:3      | Reached XP level 6. HP: 56/56 MP: 6/6
  2344 | D:3      | Found a glowing drain.
  2352 | Sewer    | Entered a sewer
  2552 | Sewer    | Reached skill level 5 in Axes
  2681 | Sewer    | Found a viscous altar of Jiyva.
  2901 | D:3      | Found a faded altar of an unknown god.
  2965 | D:3      | Found an ornate altar of the Wu Jian Council.
  3180 | D:4      | Found a white marble altar of Elyvilon.
  3266 | D:4      | Reached skill level 5 in Shields
  3270 | D:4      | Reached skill level 5 in Armour
  3270 | D:4      | Reached XP level 7. HP: 54/61 MP: 7/7
  3677 | D:4      | Slain by an ogre

Illustrated notes

Levels and vault maps discovered:
D:1:      psy_arrival_radial01, layout_basic
D:2:      layout_rooms, basic_altar
D:3:      layout_rooms, pdpol_wu_jian_five_deadly_venoms,
          mainiacjoe_overflow_cross_hatched,
          mainiacjoe_overflow_small_starburst,
          chequers_temple_overflow_statue_of_worship, lightli_sewer_entry_pipes,
          basic_ecumenical_altar
D:4:      layout_loops_ring, elyvilon_altar_1, st_stairs_6

Skill      XL: |  1  2  3  4  5  6 |
---------------+-------------------+-----
Axes           | 3 4 5 |  5.6
Fighting       | 4 5 |  5.7
Shields        | 4 5 |  5.2
Armour         | 4 5 |  5.2

Action                     |  1- 3 |  4- 6 |  7- 9 || total
---------------------------+-------+-------+-------++-------
  Melee: War axe           |    77 |   197 |    50 ||   324
    Use: Scroll            |     4 |     7 |       ||    11
         Potion            |     4 |     3 |       ||     7
   Stab: Distracted        |       |     1 |     1 ||     2
 Armour: Scale mail        |    40 |    85 |    17 ||   142
  Dodge: Dodged            |    47 |    89 |    14 ||   150
  Block: Buckler           |    23 |    48 |    15 ||    86

Table legend: (Time is in decaauts)
 A = Elapsed time spent in this place.
 B = Non-inter-level travel time spent in this place.
 C = Inter-level travel time spent in this place.
 D = Time resting spent in this place.
 E = Time spent auto-exploring this place.
 F = Levels seen in this place.
 G = Mean time per level.
                   A        B        C        D        E       F      G
               +--------+--------+--------+--------+--------+-----+--------+
         Total |   3837 |   3693 |    144 |     67 |   2893 |   5 |  767.4 |
       Dungeon |   3328 |   3184 |    144 |     67 |   2537 |   4 |  832.0 |
         Sewer |    509 |    509 |      0 |      0 |    356 |   1 |  509.0 |
               +--------+--------+--------+--------+--------+-----+--------+

Top non-repeatable levels by time:
     D:1: 1152 daAuts
     D:3: 890 daAuts
     D:2: 718 daAuts
     D:4: 567 daAuts
   Sewer: 509 daAuts
